 Dungeon Crawl Stone Soup version bcrawl-1.37.2 (webtiles) character file.

Game seed: 17173027006805022322

443237 MisterOstroum the Prestidigitator (level 15, -3/160 HPs)
             Began as a Centaur Transmuter on Nov 4, 2022.
             Was the Champion of Sif Muna.
             Slain by a will-o'-wisp (8 damage)
             ... on level 1 of the Swamp on Feb 7, 2023.
             The game lasted 01:44:57 (23633 turns).

MisterOstroum the Prestidigitator (CeTm)           Turns: 23633, Time: 01:44:58

Health: -3/160     AC:  9    Str: 21    XL:     15   Next: 5%
Magic:  0/27       EV: 12    Int: 23    God:    Sif Muna [******]
Gold:   2068       SH:  0    Dex: 10    Spells: 5/30 levels left

rFire    . . .     GDR:     37%   - Ice fists (freeze) (36.2)
rCold    + + +     SeeInvis .   (shield currently unavailable)
rNeg     . . .     Gourm    .   (armour currently unavailable)
rPois    +         Faith    .   (helmet currently unavailable)
rElec    .         Spirit   +   g - scarf {rC+ rF+}
rCorr    .         Reflect  .   (gloves currently unavailable)
MR       +++..                  (no barding)
Stlth    +.........             x - amulet of guardian spirit
HPRegen  0.36/turn              C - +5 ring of intelligence
MPRegen  0.20/turn              P - ring "Leapt" {rPois Int+5 Slay+3}

@: ice-form, drained
A: large, herbivore
a: End Transformation, Divine Energy, Channel Magic, Forget Spell, Moment of
Magic, Renounce Religion


You were on level 1 of the Swamp.
You worshipped Sif Muna.
Sif Muna was exalted by your worship.
You were not hungry.
You were a creature of crystalline ice.
You visited 5 branches of the dungeon, and saw 19 of its levels.
You also visited: Bailey and Ice Cave.

You collected 2256 gold pieces.
You spent 188 gold pieces at shops.

Inventory:

Hand Weapons
 X - a +6 blowgun
Missiles
 c - 3 throwing nets {=f!f}
 m - 955 arrows
 y - 4238 stones
 F - 45 javelins
 G - 51 needles of frenzy {=f}
 S - 439 poisoned tomahawks (quivered)
 Y - 288 poisoned needles
Armour
 g - a scarf of resistance (worn)
 h - a +0 helmet (melded)
 w - a +2 animal skin (melded)
 z - a scarf of stasis
 V - a +2 pair of gloves (melded)
Magical Staves
 B - an uncursed staff of earth
Jewellery
 o - an uncursed ring of see invisible
 x - an amulet of guardian spirit (around neck)
 C - a +5 ring of intelligence (left front paw)
 P - the ring "Leapt" (right front paw) {rPois Int+5 Slay+3}
   (You found it on level 7 of the Dungeon)

   [ring of intelligence]

   It affects your intelligence (+5).
   It affects your accuracy and damage with ranged weapons and melee attacks
   (+3).
   It protects you from poison.
Wands
 d - a wand of digging (3)
 j - a wand of iceblast (6)
 H - a wand of acid (3)
 L - a wand of flame (15)
 N - a wand of paralysis (17)
 T - a wand of scattershot (5)
Scrolls
 f - 3 scrolls of amnesia
 i - 9 scrolls of identify {@r1}
 k - 12 scrolls of remove curse {@r2}
 u - 8 scrolls of teleportation
 A - 3 scrolls of fog {!r}
 J - a scroll of summoning
 K - a scroll of blinking {@r4}
 M - 2 scrolls of immolation
 Q - a scroll of vulnerability
 W - 2 scrolls of magic mapping {@r5 !r}
 Z - 2 scrolls of fear {!r}
Potions
 a - 7 potions of mutation
 l - 3 potions of agility {@q5 !q}
 n - a potion of flight
 p - 6 potions of might
 q - a potion of cancellation
 r - 2 potions of heal wounds {@q2 !q}
 t - 4 potions of ambrosia
 v - 5 potions of lignification {@q6}
 D - a potion of magic
 E - 2 potions of brilliance
 I - 2 potions of haste {@q4 !q}
 O - 2 potions of resistance
 R - 3 potions of berserk rage
 U - 7 potions of curing {@q1 !q}
Miscellaneous
 b - a lamp of fire
Comestibles
 e - 7 rations {!d}


   Skills:
 - Level 12.4(11.5) Fighting
 + Level 7.4(6.6) Dodging
 - Level 12.3(11.4) Unarmed Combat
 - Level 8.0(7.1) Spellcasting
 - Level 5.0(4.2) Charms
 - Level 10.0(9.1) Transmutations
 - Level 4.0(3.2) Ice Magic
 - Level 12.5(11.6) Evocations


You had 5 spell levels left.
You knew the following spells:

 Your Spells              Type           Power        Failure   Level  Hunger
a - Infusion              Chrm           ####....     1%          1    None
b - Sticks to Snakes      Tmut           ######..     1%          2    None
c - Ozocubu's Armour      Chrm/Ice       ####....     4%          3    None
d - Ice Form              Ice/Tmut       #####...     6%          4    ###....
e - Sandblast             Erth           #.....       8%          1    None
f - Petrify               Tmut/Erth      ####......   12%         4    ###....
g - Passwall              Tmut/Erth      ####....     1%          2    None
h - Spider Form           Tmut/Pois      ###          3%          3    None
i - Blade Hands           Tmut           ######....   4%          5    #####..

Your spell library contained the following spells:

 Spells                   Type           Power        Failure   Level  Hunger
 Beastly Appendage        Tmut           ######       1%          1    None
 Freeze                   Ice            ###...       1%          1    None
 Throw Frost              Conj/Ice       ###...       2%          2    None
 Necrotize                Necr           #.....       8%          1    None
 Sting                    Conj/Pois      #...         8%          1    None
 Summon Small Mammal      Summ           #...         8%          1    None
 Call Imp                 Summ           #.....       12%         2    None
 Sublimation of Blood     Necr           #.........   12%         2    None
 Call Canine Familiar     Summ           #.......     22%         3    None
 Stone Arrow              Conj/Erth      #.....       22%         3    None
 Summon Ice Beast         Ice/Summ       ###.....     36%         4    ###....
 Throw Icicle             Conj/Ice       ###.....     36%         4    ###....
 Animate Dead             Necr           N/A          58%         4    ###....
 Summon Scorpions         Summ/Pois      #.......     58%         4    ###....
 Steam Barrier            Chrm/Fire      ###.......   65%         5    #####..
 Metabolic Englaciation   Hex/Ice        ###.......   71%         5    #####..
 Bolt of Draining         Conj/Necr      #.........   91%         5    #####..
 Lee's Rapid Deconstruct  Erth           #.........   91%         5    #####..
 Summon Lightning Spire   Summ/Air       #.......     91%         5    #####..
 Infestation              Hex/Tmut/Pois  ###......    97%         6    ######.
 Borgnjor's Vile Clutch   Necr/Erth      #.........   100%        6    ######.
 Discord                  Hex            #.........   100%        7    #######
 Mana Rupture             Conj/Hex       #.........   100%        7    #######
 Necromutation            Tmut/Necr      ####....     100%        8    #######
 Time Stop                Chrm/Tloc      N/A          100%        8    #######


Dungeon Overview and Level Annotations

Branches:
Dungeon (11/12)            Temple (1/1) D:6            Lair (5/6) D:9
  Swamp (1/3) Lair:4       Spider (0/3) Lair:4          Orc (1/1) D:11
    Elf (0/3) Orc          Vaults (0/3) D:11
  Slime: Lair:5-6

Altars:
Ashenzari
Cheibriados
Dithmenos
Elyvilon
Fedhas
Gozag
Hepliaklqana
Kikubaaqudgha
Lugonu
Makhleb
Nemelex Xobeh
Okawaru
Qazlal
Ru
Sif Muna
Trog
Uskayaw
Vehumet
Wu Jian
Xom
Yredelemnul
Zin
The Shining One

Shops:
D:8 ?   Orc [:?[:

Annotations:
D:2 Sigmund
D:6 1 runed door
D:10 exclusion: zombie
Lair:2 exclusion: 2 oklob plants


Innate Abilities, Weirdness & Mutations

((You have hooves in place of feet.))
((Armour fits poorly on your strangely shaped body.))
You are a herbivore.
((You cover ground very quickly.))
((You have extremely tough skin. (AC +3)))


Message History

Sif Muna accepts your kill.
No target in view!
No target in view!
A seven-headed hydra comes into view.
The seven-headed hydra roars!
You hear a roar!
Casting: Infusion (safe; 1% risk of failure)
Confirm with . or Enter, or press ? or * to list all spells.
Your icy body feels more resilient.
A spriggan rider comes into view. It is wielding a +0 spear.
The seven-headed hydra bites you!
The seven-headed hydra is frozen.
The seven-headed hydra bites you.
The seven-headed hydra is frozen.
The seven-headed hydra closely misses you.
The seven-headed hydra bites you but does no damage.
The seven-headed hydra is frozen.
The seven-headed hydra seems to slow down.
The seven-headed hydra bites you!
The seven-headed hydra is frozen.
The seven-headed hydra seems to slow down.
The seven-headed hydra bites you but does no damage.
The seven-headed hydra is frozen.
The seven-headed hydra bites you.
The seven-headed hydra is frozen.
The seven-headed hydra seems to slow down.
The spriggan rider shouts!
You pummel the seven-headed hydra!!
The seven-headed hydra seems to slow down.
You freeze the seven-headed hydra!
You kill the seven-headed hydra!
Sif Muna accepts your kill.
You hear a chilling moan.
A tyrant leech comes into view.
Base training target 10.0 for Transmutations reached!
Your base Transmutations skill increases to level 10!
You see here a hydra corpse.
Your icy armour evaporates.
The spriggan rider hits you from afar with a +0 spear!
A will-o'-wisp comes into view.
The spriggan rider hits you with a +0 spear!
Casting: Ozocubu's Armour (safe; 5% risk of failure)
Confirm with . or Enter, or press ? or * to list all spells.
Your icy body feels more resilient.
The spriggan rider hits you with a +0 spear!
The spriggan rider is frozen.
A will-o'-wisp comes into view.
You closely miss the spriggan rider.
The spriggan rider is lightly wounded.
The will-o'-wisp hits you! The will-o'-wisp shocks you!
The will-o'-wisp resists.
The will-o'-wisp is frozen.
You beat the spriggan rider into a bloody pulp!!!
You kill the hornet!
Sif Muna accepts your kill.
The spriggan falls from its now dead mount.
You freeze the spriggan!
You kill the spriggan!
Sif Muna accepts your kill.
You hear a splash.
You hear a chilling moan.
The will-o'-wisp hits you. The will-o'-wisp shocks you!
The will-o'-wisp resists.
The will-o'-wisp is frozen.
A will-o'-wisp comes into view.
You squash the will-o'-wisp like an ant!!!
You destroy the will-o'-wisp!
Sif Muna accepts your kill.
Your icy armour evaporates.
The tyrant leech closely misses you.
You miss the tyrant leech. The tyrant leech closely misses you.
You pummel the tyrant leech!! You freeze the tyrant leech!
The tyrant leech is severely wounded.
You barely miss the tyrant leech.
The tyrant leech is severely wounded.
The tyrant leech bites you!!
The tyrant leech draws strength from your injuries!
You barely miss the tyrant leech.
The tyrant leech is severely wounded.
The will-o'-wisp closely misses you. x3
You closely miss the tyrant leech.
The tyrant leech is severely wounded.
The will-o'-wisp barely misses you.
The will-o'-wisp hits you but does no damage.
The tyrant leech bites you!
The tyrant leech draws strength from your injuries!
You hit the tyrant leech. You freeze the tyrant leech.
The tyrant leech is severely wounded.
The will-o'-wisp barely misses you. The will-o'-wisp hits you.
The will-o'-wisp shocks you!
* * * LOW HITPOINT WARNING * * *
You barely miss the tyrant leech.
The tyrant leech is severely wounded.
The will-o'-wisp hits you!
* * * LOW HITPOINT WARNING * * *
The will-o'-wisp shocks you!
* * * LOW HITPOINT WARNING * * *
The will-o'-wisp hits you but does no damage.
The tyrant leech bites you!
* * * LOW HITPOINT WARNING * * *
The tyrant leech draws strength from your injuries!
You pummel the tyrant leech!! You freeze the tyrant leech!
You kill the tyrant leech!
Sif Muna accepts your kill. The will-o'-wisp hits you.
* * * LOW HITPOINT WARNING * * *
The will-o'-wisp shocks you!
You die...

♣ ♣♣♣♣♣♣♣♣♣♣.§♣♣♣
♣♣§....≈♣♣≈....♣♣♣
♣♣♣..≈≈≈...>..≈≈..≈♣
♣....≈≈≈...≈≈≈≈≈≈..♣
♣♣♣...≈.≈≈≈≈≈≈≈≈..§♣
♣♣♣....≈≈≈≈...≈≈♣
♣≈..≈..≈≈≈..≈≈.♣♣
♣..≈≈.......≈≈.≈♣
♣.♣♣≈....≈♣v.Y†♣♣
♣♣♣♣.♣♣≈≈≈.♣♣♣≈.v).≈≈≈≈.
.....♣♣♣≈≈≈.♣♣♣≈≈≈......
♣♣♣♣♣♣ ♣♣.≈.♣ ♣≈..≈.....
..≈♣♣ ♣♣.♣♣♣≈≈.. ♣♣♣♣♣♣
♣♣.♣♣ ♣.≈ ≈≈.. §☼°☼§♣
..♣ ≈≈≈. ... ♣♣♣♣Z♣
≈≈≈.♣ ≈♣ ♣.♣


You could see 2 will-o'-wisps.

Vanquished Creatures
  Rupert (Lair:4)
  A frost giant (IceCv)
  Harold (D:8)
  8 vault guards (D:11)
  10 hydras
  Erolcha (Orc)
  A catoblepas (Lair:2)
  A ghost crab (Swamp:1)
  An ogre mage (D:11)
  4 two-headed ogres
  An alligator (Swamp:1)
  2 tengu warriors
  A wolf spider zombie (D:11)
  2 cyclopes (D:11)
  A wolf spider (Lair:4)
  A wolf spider (shapeshifter) (D:11)
  A lindwurm (Lair:3)
  10 orc sorcerers
  3 orc knights
  16 elephants
  An ugly thing (D:10)
  4 black mambas (Lair:1)
  A will-o'-wisp (Swamp:1)
  2 ice statues (IceCv)
  8 cane toads
  5 komodo dragons
  5 rime drakes
  2 efreet
  2 tengu conjurers (D:11)
  Maurice (D:8)
  14 polar bears (IceCv)
  2 trolls
  A tyrant leech (Swamp:1)
  Grinder (D:6)
  4 hornets
  11 blink frogs
  3 harpy skeletons
  10 hippogriffs
  Prince Ribbit (D:6)
  7 dream sheep (Lair:5)
  Grum (D:10)
  A spriggan (Swamp:1)
  28 yaks
  2 wraiths
  A shadow (D:10)
  2 basilisks
  2 wyverns
  A hungry ghost (D:8)
  A warg (Orc)
  2 swamp worms (Swamp:1)
  11 crocodiles
  8 water moccasins
  An acid dragon (Lair:4)
  8 porcupines
  2 ice beasts
  22 orc warriors
  A swamp drake (Swamp:1)
  3 sky beasts
  7 ogres
  A phantom (D:8)
  3 boggarts (Swamp:1)
  28 wolves
  2 kobold brigands
  7 bullfrogs
  5 wights (D:7)
  4 electric eels (Bailey)
  2 howler monkeys
  9 orc priests
  A bullfrog zombie (D:4)
  3 crimson imps
  13 hounds
  2 jellies
  3 bullfrog skeletons
  3 iguanas
  24 orc wizards
  6 worker ants
  A porcupine skeleton (D:10)
  A hound skeleton (D:5)
  Robin (D:3)
  10 adders
  6 gnolls
  4 shadow imps
  3 oozes
  4 worms
  8 dart slugs
  2 leopard geckos (D:1)
  62 orcs
  3 giant cockroaches (D:3)
  22 goblins
  20 hobgoblins
  4 jackals
  19 kobolds
  4 quokkas
  A ball python (D:1)
  6 bats
  7 frilled lizards
  A jackal skeleton (D:4)
  5 rats
566 creatures vanquished.

Vanquished Creatures (collateral kills)
  An orc sorcerer (Bailey)
  A troll (D:7)
  Duvessa (D:4)
  Dowan (D:4)
  A worker ant (D:8)
  A gnoll (Bailey)
  An adder skeleton (D:7)
  2 orcs
  A goblin (Bailey)
  2 hobgoblins
12 creatures vanquished.

Vanquished Creatures (others)
  A crimson imp (D:4)
  An orc wizard (Orc)
  5 fungi
  4 plants
11 creatures vanquished.

Grand Total: 589 creatures vanquished

Notes
Turn   | Place    | Note
-------+----------+-------------------------------------------
     0 | D:1      | MisterOstroum the Centaur Transmuter began the quest for
                  | the Orb.
     0 | D:1      | Reached XP level 1. HP: 16/16 MP: 3/3
   190 | D:1      | Reached XP level 2. HP: 24/24 MP: 5/5
   200 | D:1      | Learned a level 2 spell: Sticks to Snakes
   566 | D:1      | Reached XP level 3. HP: 28/31 MP: 4/6
   721 | D:1      | Learned a level 3 spell: Spider Form
  1081 | D:2      | Noticed Sigmund
  1351 | D:3      | Reached XP level 4. HP: 25/38 MP: 7/7
  1495 | D:3      | Noticed Robin
  1581 | D:3      | Killed Robin
  1942 | D:3      | Reached XP level 5. HP: 46/46 MP: 8/8
  2872 | D:4      | Found an ornate altar of the Wu Jian Council.
  2873 | D:4      | Found a radiant altar of Vehumet.
  2990 | D:4      | Reached XP level 6. HP: 41/52 MP: 5/10
  3013 | D:4      | Learned a level 4 spell: Ice Form
  3150 | D:4      | Found a stormy altar of Qazlal.
  3622 | D:5      | Entered Level 5 of the Dungeon
  3622 | D:5      | Noticed Duvessa
  3622 | D:5      | Noticed Dowan
  3645 | D:5      | Reached skill level 1 in Ice Magic
  3700 | D:5      | Reached skill level 1 in Evocations
  3880 | D:4      | Killed Dowan
  3885 | D:4      | Killed Duvessa
  3886 | D:4      | Reached XP level 7. HP: 55/59 MP: 6/11
  4014 | D:5      | Got a steaming pewter ring
  4067 | D:5      | Found a shadowy altar of Dithmenos.
  4202 | D:5      | Found a sparkling altar of Nemelex Xobeh.
  4545 | D:6      | Noticed a hippogriff
  4548 | D:6      | Noticed Grinder
  4630 | D:6      | Reached skill level 5 in Fighting
  4698 | D:6      | Found a runed door.
  4744 | D:6      | Found a white marble altar of Elyvilon.
  4855 | D:6      | Identified the ring "Ohukeig" {+Fly rElec Int+4 Dex-4} (You
                  | found it on level 5 of the Dungeon)
  4959 | D:6      | Reached XP level 8. HP: 63/68 MP: 9/12
  4967 | D:6      | Killed a hippogriff
  4968 | D:6      | Reached skill level 5 in Transmutations
  4974 | D:6      | Reached skill level 5 in Unarmed Combat
  5068 | D:6      | Killed Grinder
  5133 | D:6      | Found an ancient bone altar of Kikubaaqudgha.
  5411 | D:6      | Noticed Prince Ribbit
  5428 | D:6      | Killed Prince Ribbit
  5429 | D:6      | Reached XP level 9. HP: 50/75 MP: 12/15
  5579 | D:6      | Found a staircase to the Ecumenical Temple.
  5590 | Temple   | Entered the Ecumenical Temple
  5769 | D:7      | Noticed a troll
  6209 | Temple   | Became a worshipper of Sif Muna the Loreminder
  6455 | D:7      | Noticed a troll
  6468 | D:7      | Got a vibrating lead ring
  6470 | D:7      | Identified the ring "Leapt" {rPois Int+5 Slay+3} (You found
                  | it on level 7 of the Dungeon)
  6603 | D:7      | Reached skill level 5 in Spellcasting
  7113 | D:7      | Killed a troll
  7152 | D:8      | Reached * piety under Sif Muna
  7236 | D:8      | Noticed an efreet
  7250 | D:8      | Killed an efreet
  7259 | D:8      | Found a hide-covered altar of Uskayaw.
  7260 | D:8      | Noticed Harold
  7419 | D:8      | Found a flagged portal.
  7512 | Bailey   | Entered a bailey
  7716 | Bailey   | Found an iron altar of Okawaru.
  7716 | Bailey   | Noticed an orc sorcerer
  7716 | Bailey   | Noticed an orc sorcerer
  7725 | Bailey   | Killed an orc sorcerer
  7726 | Bailey   | Reached XP level 10. HP: 85/88 MP: 15/17
  7736 | Bailey   | Killed an orc sorcerer
  7798 | Bailey   | Reached skill level 5 in Evocations
  8109 | Bailey   | Identified Dehilim's Papyrus of Talismans and Black Secrets
                  | (Sif Muna gifted it to you in a bailey)
  8109 | Bailey   | Received a gift from Sif Muna
  8158 | Bailey   | Noticed an orc knight
  8168 | Bailey   | Killed an orc knight
  8623 | D:8      | Noticed Maurice
  8637 | D:8      | Killed Maurice
  8666 | D:8      | Found Peschuess's Magic Scroll Emporium.
  8675 | D:8      | Bought a scroll of fear for 65 gold pieces
  8675 | D:8      | Bought a scroll of magic mapping for 45 gold pieces
  8675 | D:8      | Bought a scroll of identify for 26 gold pieces
  8675 | D:8      | Bought a scroll of identify for 26 gold pieces
  8675 | D:8      | Bought a scroll of identify for 26 gold pieces
  8714 | D:8      | Killed Harold
  8762 | D:8      | Reached ** piety under Sif Muna
  9354 | D:9      | Found a staircase to the Lair.
  9356 | D:9      | Found a stormy altar of Qazlal.
  9414 | D:9      | Noticed a two-headed ogre
  9419 | D:9      | Killed a two-headed ogre
  9420 | D:9      | Reached XP level 11. HP: 95/95 MP: 18/18
  9561 | D:9      | Found a burning altar of Makhleb.
  9566 | D:9      | Found a sacrificial altar of Ru.
  9660 | D:9      | Found a glowing silver altar of Zin.
  9732 | D:10     | Entered Level 10 of the Dungeon
  9761 | D:10     | Noticed Grum
  9899 | D:10     | Killed Grum
 10051 | D:10     | Noticed a six-headed hydra
 10057 | D:10     | Killed a six-headed hydra
 10499 | D:10     | Noticed a white ugly thing
 10517 | D:10     | Killed a white ugly thing
 10917 | D:10     | Reached skill level 10 in Unarmed Combat
 11078 | Lair:1   | Entered Level 1 of the Lair of Beasts
 11234 | Lair:1   | Noticed a seven-headed hydra
 11255 | Lair:1   | Killed a seven-headed hydra
 11256 | Lair:1   | Reached skill level 10 in Fighting
 11259 | Lair:1   | Learned a level 1 spell: Sandblast
 11273 | Lair:1   | Reached skill level 5 in Dodging
 12388 | Lair:2   | Reached XP level 12. HP: 75/106 MP: 19/19
 12408 | Lair:2   | Found a frozen archway.
 12432 | IceCv    | Entered an ice cave
 12455 | IceCv    | Reached skill level 10 in Evocations
 13252 | IceCv    | Reached *** piety under Sif Muna
 13379 | IceCv    | Noticed a frost giant
 13432 | IceCv    | Killed a frost giant
 15102 | Lair:3   | Noticed a catoblepas
 15109 | Lair:2   | Killed a catoblepas
 15110 | Lair:2   | Reached XP level 13. HP: 102/116 MP: 21/21
 16466 | Lair:4   | Noticed Rupert
 16485 | Lair:4   | Killed Rupert
 16754 | Lair:4   | Reached **** piety under Sif Muna
 16767 | Lair:4   | Found a staircase to the Swamp.
 17020 | Lair:4   | Found a hole to the Spider Nest.
 17526 | Lair:5   | Received a gift from Sif Muna
 17532 | Lair:5   | Learned a level 3 spell: Ozocubu's Armour
 17646 | Lair:5   | Reached skill level 1 in Charms
 18082 | Lair:5   | Reached XP level 14. HP: 126/127 MP: 14/23
 18270 | Lair:5   | Reached ***** piety under Sif Muna
 19080 | D:11     | Identified the Grimoire of Toxins and Darkness
 19250 | D:11     | Found a staircase to the Orcish Mines.
 19271 | D:11     | Reached skill level 5 in Charms
 20052 | D:11     | Learned a level 4 spell: Petrify
 20770 | D:11     | Identified Sif Muna's Guide on Self-Knowledge (Sif Muna
                  | gifted it to you on level 11 of the Dungeon)
 20770 | D:11     | Received a gift from Sif Muna
 20776 | D:11     | Learned a level 1 spell: Infusion
 20779 | D:11     | Learned a level 2 spell: Passwall
 20785 | D:11     | Learned a level 5 spell: Blade Hands
 21289 | D:11     | Found a gate to the Vaults.
 21696 | Orc      | Entered the Orcish Mines
 21940 | Orc      | Found Saptuc's Armour Emporium.
 21943 | Orc      | Found a staircase to the Elven Halls.
 22458 | Orc      | Found Conkog's Magic Scroll Shop.
 22468 | Orc      | Reached ****** piety under Sif Muna
 22594 | Orc      | Found Dudaisch's Book Boutique.
 22621 | Orc      | Found an ancient bone altar of Kikubaaqudgha.
 22685 | Orc      | Noticed Erolcha
 22692 | Orc      | Killed Erolcha
 22699 | Orc      | Found a radiant altar of Vehumet.
 22880 | Orc      | Found a roughly hewn altar of Beogh.
 22880 | Orc      | Found Dofoxos's Antique Armour Shop.
 22881 | Orc      | Found Qacij's Book Boutique.
 23045 | Orc      | Identified the ring of False Pretenses {+Fly Str+4 Dex+4}
                  | (You acquired it in the Orcish Mines)
 23208 | Swamp:1  | Entered Level 1 of the Swamp
 23443 | Swamp:1  | Reached XP level 15. HP: 61/134 MP: 7/27
 23619 | Swamp:1  | Reached skill level 10 in Transmutations
 23633 | Swamp:1  | HP: 5/160 [will-o'-wisp (6)]
 23633 | Swamp:1  | Slain by a will-o'-wisp

Skill      XL: |  1  2  3  4  5  6  7  8  9 10 11 12 13 14 15 |
---------------+----------------------------------------------+-----
Fighting       | 2 3 4 5 6 7 8 10 11 12 | 12.4
Transmutations | 2 3 4 5 6 7 9 10 | 10.0
Unarmed Combat | 4 6 8 9 10 11 12 | 12.3
Spellcasting   | 3 4 5 8 |  8.0
Ice Magic      | 1 2 3 4 |  4.0
Evocations     | 3 4 6 9 11 12 | 12.5
Dodging        | 2 3 5 6 7 |  7.4
Charms         | 3 5 |  5.0

Action                   |  1- 3 |  4- 6 |  7- 9 | 10-12 | 13-15 || total
-------------------------+-------+-------+-------+-------+-------++-------
Melee: Dagger            |    78 |    13 |       |       |       ||    91
       Kick              |    31 |    44 |    25 |     2 |     2 ||   104
       Headbutt          |     4 |       |       |       |       ||     4
       Unarmed           |    37 |   152 |   280 |   508 |   571 ||  1548
       Spear             |     2 |       |       |       |       ||     2
       Punch             |       |       |     1 |     1 |     1 ||     3
       Staff             |       |       |     1 |       |       ||     1
 Fire: Hunting sling     |       |    92 |    26 |       |       ||   118
Throw: Stone             |    14 |    12 |    17 |       |       ||    43
       Tomahawk          |       |       |     4 |       |    10 ||    14
 Cast: Beastly Appendage |     4 |       |       |       |       ||     4
       Sticks to Snakes  |     1 |     2 |    19 |     8 |     6 ||    36
       Spider Form       |       |     1 |     8 |     2 |       ||    11
       Ice Form          |       |       |     1 |     8 |     6 ||    15
       Ozocubu's Armour  |       |       |       |       |    60 ||    60
       Sandblast         |       |       |       |       |     3 ||     3
       Infusion          |       |       |       |       |     9 ||     9
Invok: Channel Magic     |       |       |       |       |     2 ||     2
 Abil: End Transformatio |       |       |     1 |     8 |     5 ||    14
Evoke: Wand              |       |     1 |     2 |    28 |    34 ||    65
  Use: Scroll            |       |     3 |     5 |    12 |    11 ||    31
       Potion            |       |       |       |       |     1 ||     1
 Stab: Paralysed         |       |       |       |    30 |     9 ||    39
  Eat: Ration            |     1 |     4 |     6 |     9 |    12 ||    32
Armor: Robe              |    37 |    10 |       |       |       ||    47
       Animal skin       |       |    45 |    40 |    14 |     2 ||   101
       Skin              |       |     1 |     7 |   133 |   184 ||   325
Dodge: Dodged            |    37 |    46 |   170 |   214 |   292 ||   759
